 Dungeon Crawl Stone Soup version 0.31.0-32-g396128a36d (webtiles) character file.

Game seed: 1502471678156143029

161 cdecastro the Cutter (level 5, -5/33 HPs)
             Began as a Kobold Brigand on Mar 8, 2024.
             Was an Initiate of Hepliaklqana.
             Slain by a mummy (15 damage)
             ... in an ossuary.
             The game lasted 00:05:45 (2580 turns).

cdecastro the Cutter (Kobold Brigand)               Turns: 2580, Time: 00:05:46

Health: -5/33      AC:  5    Str: 10    XL:     5   Next: 70%
Magic:  5/5        EV: 14    Int: 12    God:    Hepliaklqana [......]
Gold:   119        SH:  0    Dex: 17    Spells: 4/4 levels left

rFire   . . .        a - +2 dagger
rCold   . . .        (no shield)
rNeg    . . .        b - +0 robe
rPois   .            y - +0 helmet
rElec   .            c - +0 cloak
rCorr   .            (no gloves)
SInv    .            g - +0 pair of boots
Will    +....        (no amulet)
Stlth   ++++         (no ring)
HPRegen 0.25/turn    (no ring)
MPRegen 0.09/turn

%: no passive effects
@: enlightened, flying
A: small, no large weapons, nightstalker 3
a: Renounce Religion


You were in an ossuary.
You worshipped Hepliaklqana.
Hepliaklqana was noncommittal.
You visited 1 branch of the dungeon, and saw 4 of its levels.
You also visited: Ossuary.

You collected 119 gold pieces.

Inventory:

Hand Weapons
 a - a +2 dagger (weapon)
 l - a +1 dagger of venom
Missiles
 d - 9 poisoned darts (quivered)
 e - 3 curare-tipped darts
Armour
 b - a +0 robe (worn)
 c - a +0 cloak (worn)
 g - a +0 pair of boots (worn)
 y - a +0 helmet (worn)
Jewellery
 o - the ring "Huadeup" {Fire Int+3}
   (You found it on level 2 of the Dungeon)

   [ring of fire]

   Fire:      It enhances your fire magic.
   Int+3:     It affects your intelligence (+3).
   rF+:       It protects you from fire.
   rC-:       It makes you vulnerable to cold.
 q - a ring of resist corrosion
 r - a +5 ring of evasion
 u - a ring of ice
Wands
 s - a wand of roots (12)
Scrolls
 h - a scroll of enchant weapon {unknown}
 j - a scroll of butterflies {unknown}
 k - 3 scrolls of noise {unknown}
 m - a scroll of poison {unknown}
 t - a scroll of torment {unknown}
 v - a scroll of enchant armour {unknown}
Potions
 f - a potion of attraction {unknown}
 i - a potion of cancellation {unknown}
 n - a potion of enlightenment
 p - a potion of curing
 w - a potion of haste {unknown}
 x - 2 potions of mutation {unknown}


   Skills:
 + Level 3.8 Fighting
 * Level 6.1 Short Blades
 - Level 2.1 Throwing
 - Level 1.2 Dodging
 - Level 5.3 Stealth


You had 4 spell levels left.
You didn't know any spells.
Your spell library contained the following spells:

 Spells                   Type           Power      Damage    Failure   Level
 Kiss of Death            Conj/Necr      0%         2d5       32%         1
 Confusing Touch          Hex            0%         N/A       69%         3
 Tukima's Dance           Hex            0%         N/A       69%         3
 Dispel Undead            Necr           0%         3d6       97%         4
 Passage of Golubria      Tloc           0%         N/A       97%         4
 Yara's Violent Unravell  Hex/Alch       0%         3d3       100%        5


Dungeon Overview and Level Annotations

Branches:
Dungeon (4/15)            Ossuary (1/1)
 Temple: D:4-7

Altars:
Hepliaklqana


Innate Abilities, Weirdness & Mutations

You are small and have problems with some larger weapons.
You are completely attuned to the shadows.


Message History

Unknown command.
You barely miss the mummy.
Unknown command.
You hit the mummy.
The mummy is lightly damaged.
The mummy misses you. The mummy hits you!
* * * LOW HITPOINT WARNING * * *
You hit the mummy.
The mummy is moderately damaged.
You hit the mummy.
The mummy is heavily damaged.
Okay, then.
It was a potion of enlightenment.
You feel very buoyant.
You fly up into the air.
The mummy hits you but does no damage. The mummy closely misses you.
The mummy misses you.
Unknown command.
There is an empty arch of ancient stone here.
There is a gate leading back out of this place here.
It was a potion of curing.
You feel better.
Your +1 dagger of venom stops dripping with poison.
a - a +2 dagger (weapon)
Unknown command.
Okay, then.
Unknown command.
Unknown command.
You hit the mummy but do no damage.
The mummy is heavily damaged.
You hit the mummy but do no damage.
The mummy is heavily damaged.
The mummy hits you.
* * * LOW HITPOINT WARNING * * *
The mummy misses you.
You hit the mummy.
The mummy is heavily damaged.
You hit the mummy.
The mummy is severely damaged.
The mummy closely misses you. The mummy hits you!
You die...

####
#..######
##......#
#...∩M@.+
##...M..#
#..######
####


You could see 2 mummies.

Vanquished Creatures
  A hound (D:4)
  An iguana (D:4)
  A scorpion zombie (Ossuary)
  An adder (D:2)
  2 dart slugs
  4 ribbon worms (D:3)
  4 orcs (D:3)
  6 endoplasms
  5 goblins (D:1)
  5 hobgoblins
  3 jackals (D:1)
  3 quokkas (D:1)
  2 ball pythons
  4 bats
  3 frilled lizards
  2 kobolds
  5 rats
52 creatures vanquished.

Notes
Turn   | Place    | Note
-------+----------+-------------------------------------------
     0 | D:1      | cdecastro the Kobold Brigand began the quest for the Orb.
     0 | D:1      | Reached XP level 1. HP: 12/12 MP: 1/1
    66 | D:1      | Reached skill level 3 in Short Blades
   118 | D:1      | Reached XP level 2. HP: 8/18 MP: 2/2
   225 | D:1      | Reached XP level 3. HP: 22/22 MP: 3/3
   283 | D:1      | Reached skill level 4 in Short Blades
   967 | D:2      | Reached XP level 4. HP: 28/28 MP: 4/4
  1028 | D:2      | Identified the ring "Huadeup" {Fire Int+3}
  1645 | D:3      | Reached skill level 5 in Short Blades
  2283 | D:4      | Noticed a +0 spear
  2283 | D:4      | Noticed a +0 dagger
  2284 | D:4      | Noticed a +0 falchion
  2284 | D:4      | Noticed a +0 short sword
  2284 | D:4      | Noticed a +0 short sword
  2284 | D:4      | Noticed a +0 spear
  2289 | D:4      | Noticed a +0 dagger
  2290 | D:4      | Noticed a +0 falchion
  2317 | D:4      | Reached XP level 5. HP: 27/32 MP: 5/5
  2469 | D:4      | Found a hazy altar of Hepliaklqana.
  2493 | D:4      | Became a worshipper of Hepliaklqana the Forgotten
  2555 | D:4      | Found a sand-covered staircase.
  2560 | Ossuary  | Entered an ossuary
  2564 | Ossuary  | Reached skill level 6 in Short Blades
  2580 | Ossuary  | Slain by a mummy

Illustrated notes

Levels and vault maps discovered:
D:1:      erik_arrival_triangle_medium, layout_rooms, minmay_split_cup_small
D:2:      layout_basic, kennysheep_flooded_box
D:3:      layout_basic, nicolae_concentric_dashed_squares_wild,
          grunt_decor_junction, minivault_27
D:4:      layout_loops_cross, nicolae_uskayaw_en_pointe,
          nicolae_overflow_crystal_walls, enter_ossuary_5,
          kennysheep_generic_room_9
Ossuary:  ossuary_minmay_chase

Skill      XL: |  1  2  3  4  5 |
---------------+----------------+-----
Short Blades   | 3 4 5 6 |  6.1
Fighting       | 3 |  3.8
Throwing       | |  2.1
Dodging        | |  1.2
Stealth        | |  5.3

Action                     |  1- 3 |  4- 6 || total
---------------------------+-------+-------++-------
  Melee: Dagger            |    63 |    77 ||   140
         Punch             |     1 |       ||     1
  Throw: Dart              |     1 |       ||     1
    Use: Potion            |       |     2 ||     2
   Stab: Sleeping          |    20 |     9 ||    29
 Armour: Robe              |    19 |    27 ||    46
  Dodge: Dodged            |    28 |    27 ||    55
